 Dungeon Crawl Stone Soup version 0.30-b1-2-g02819fbbbe (webtiles) character file.

Game seed: 17023976087837547586

809 Alarkh the Destroyer (level 7, -6/46 HPs)
             Began as a Demonspawn Conjurer on May 30, 2023.
             Mangled by a wight
             ... wielding a +0 dagger
              (8 damage)
             ... on level 6 of the Dungeon.
             The game lasted 00:06:44 (4324 turns).

Alarkh the Destroyer (Demonspawn Conjurer)          Turns: 4324, Time: 00:06:44

Health: -6/46      AC:  3    Str:  6    XL:     7   Next: 61%
Magic:  2/13       EV: 12    Int: 20    God:
Gold:   265        SH:  0    Dex: 16    Spells: 5/15 levels left

rFire   . . .        j - +0 dagger
rCold   + . .        (no shield)
rNeg    . . .        a - +0 robe
rPois   .            (no helmet)
rElec   .            (cloak unavailable)
rCorr   .            (no gloves)
SInv    .            f - +0 pair of boots
Will    .....        (no amulet)
Stlth   ++           k - ring of protection from cold
HPRegen 0.27/turn    o - ring of flight
MPRegen 0.26/turn

%: no passive effects
@: flying
A: magic regeneration, weakness stinger 3, agile 1, MP-powered wands
a: no special abilities


You were on level 6 of the Dungeon.
You visited 1 branch of the dungeon, and saw 6 of its levels.

You collected 265 gold pieces.

Inventory:

Hand Weapons
 j - a +0 dagger (weapon)
Armour
 a - a +0 robe (worn)
 e - a scarf of repulsion
 f - a +0 pair of boots (worn)
 m - a +0 cloak
Jewellery
 k - a ring of protection from cold (left hand)
 o - a ring of flight (right hand)
 s - an amulet of regeneration
Scrolls
 c - a scroll of enchant armour
 d - a scroll of vulnerability {unknown}
 i - a scroll of brand weapon
 l - a scroll of noise
 p - a scroll of torment
 q - 2 scrolls of amnesia {unknown}
 r - 2 scrolls of identify
 t - a scroll of immolation {unknown}
 u - a scroll of poison {unknown}
 v - a scroll of teleportation {unknown}
Potions
 b - a potion of magic
 g - a potion of mutation
 h - a potion of haste
 n - 2 potions of curing
 w - a potion of heal wounds {unknown}


   Skills:
 - Level 1.7 Dodging
 - Level 1.7 Stealth
 + Level 4.6 Spellcasting
 * Level 8.3 Conjurations


You had 5 spell levels left.
You knew the following spells:

 Your Spells              Type           Power      Damage    Failure   Level
a - Searing Ray           Conj           74%        2d7       1%          2
b - Iskenderun's Mystic   Conj/Tloc      21%        2d6       22%         4
c - Dazzling Flash        Conj/Hex       42%        N/A       7%          3
e - Magic Dart            Conj           100%       1d8       1%          1

Your spell library contained the following spells:

 Spells                   Type           Power      Damage    Failure   Level
 Shock                    Conj/Air       84%        1d8       2%          1
 Hailstorm                Conj/Ice       21%        3d6       7%          3
 Sting                    Tmut/Pois      16%        1d3       12%         1
 Fulminant Prism          Conj/Hex       10%        3d8       22%         4
 Ice Form                 Ice/Tmut       4%         N/A       77%         4
 Olgreb's Toxic Radiance  Pois           4%         N/A       77%         4
 Simulacrum               Ice/Necr       2%         N/A       100%        6
 Discord                  Hex            2%         N/A       100%        8
 Ignition                 Fire           2%         3d3       100%        8


Dungeon Overview and Level Annotations

Branches:
Dungeon (6/15)
 Temple: D:4-7

Altars:

Annotations:
D:5 2 runed translucent doors, Alarkh's ghost, weakling DsDe


Innate Abilities, Weirdness & Mutations

You regenerate magic rapidly.
You have a sharp stinger which inflicts weakening toxins.
You are agile. (Dex +4, Str/Int -1)
You expend magic power (3 MP) to strengthen your wands.


Message History

You kill the orc!
You finish channelling your searing ray.
The orc warrior hits you with a +0 flail!
Casting: Searing Ray (safe; 1% risk of failure)
Confirm with . or Enter, or press ? or * to list all spells.
Aiming: Magic Dart (safe; 1% risk of failure)
Press: ? - help, Shift-Dir - straight line, f/p - orc warrior
Aim: an orc warrior, wielding a +0 flail and wearing a +0 chain mail (severely wounded, 100% to hit)
The magic dart hits the orc warrior.
The orc warrior is severely wounded.
The orc warrior hits you with a +0 flail!
Casting: Magic Dart (safe; 1% risk of failure)
Confirm with . or Enter, or press ? or * to list all spells.
Aiming: Searing Ray (safe; 1% risk of failure)
Press: ? - help, Shift-Dir - straight line, f/p - orc warrior
Aim: an orc warrior, wielding a +0 flail and wearing a +0 chain mail (severely wounded, 78% to hit)
The searing ray hits the orc warrior but does no damage.
The orc warrior is severely wounded.
The searing ray hits the wight!
The wight is heavily damaged.
The orc warrior hits you with a +0 flail.
The searing ray misses the orc warrior.
The searing ray hits the wight.
The wight is severely damaged.
The searing ray hits the wight.
The wight is lightly damaged.
The orc warrior hits you with a +0 flail!
* * * LOW HITPOINT WARNING * * *
The searing ray misses the orc warrior.
The searing ray hits the orc.
The orc is almost dead.
The searing ray hits the wight.
The wight is lightly damaged.
The orc warrior hits you with a +0 flail!
* * * LOW HITPOINT WARNING * * *
Okay, then.
The searing ray hits the orc warrior!
You kill the orc warrior!
You finish channelling your searing ray.
The wight completely misses you. The wight attacks as you move away!
The wight hits you with a +0 dagger!
You die...

... .. .... #.
.#. ....# ##..
.... .....##..
#.... #........
.).>. ........#
.).... #.......#
#......
#.....@##)......
#....#..zo.z.....
... #.....#......
.#........# #....
#.##[..... ... ..
#....... # .
#....#...
....###..# .....
...


You could see 2 wights and an orc.

Vanquished Creatures
  Menkaure (D:4)
  An orc warrior (D:6)
  An ogre (D:5)
  A gnoll sergeant (D:5)
  A scorpion (D:4)
  3 hounds (D:5)
  An iguana (D:5)
  15 gnolls
  4 adders
  A white imp (D:5)
  An ufetubus (D:5)
  2 worms (D:2)
  2 dart slugs
  7 orcs
  9 ball pythons
  3 bats
  9 endoplasms
  A giant cockroach (D:3)
  4 goblins
  5 hobgoblins
  3 jackals (D:5)
  4 kobolds
  A quokka (D:2)
  5 frilled lizards (D:1)
  4 rats
89 creatures vanquished.

Notes
Turn   | Place    | Note
-------+----------+-------------------------------------------
     0 | D:1      | Alarkh the Demonspawn Conjurer began the quest for the Orb.
     0 | D:1      | Reached XP level 1. HP: 13/13 MP: 3/3
   241 | D:1      | Gained mutation: You regenerate magic rapidly. [demonic
                  | ancestry]
   241 | D:1      | Reached XP level 2. HP: 19/19 MP: 1/5
   802 | D:2      | Learned a level 2 spell: Searing Ray
   839 | D:2      | Reached skill level 5 in Conjurations
   839 | D:2      | Gained mutation: You have a small tail. [demonic ancestry]
   839 | D:2      | Reached XP level 3. HP: 24/24 MP: 1/6
  1252 | D:3      | Found a faded altar of an unknown god.
  1392 | D:3      | Learned a level 3 spell: Dazzling Flash
  1929 | D:4      | Reached XP level 4. HP: 30/30 MP: 1/7
  2105 | D:4      | Gained mutation: You are agile. (Dex +4, Str/Int -1)
                  | [potion of mutation]
  2105 | D:4      | Gained mutation: You are very agile. (Dex +8, Str/Int -2)
                  | [potion of mutation]
  2105 | D:4      | Lost mutation: You are very agile. (Dex +8, Str/Int -2)
                  | [potion of mutation]
  2105 | D:4      | Gained mutation: You expend magic power (3 MP) to
                  | strengthen your wands. [potion of mutation]
  2119 | D:4      | Noticed Menkaure
  2268 | D:4      | Identified the orb "Pobrop" {*channel, rC+}
  2298 | D:4      | Got The Acroamatic Truths for Learners
  2319 | D:4      | Killed Menkaure
  2320 | D:4      | Reached skill level 6 in Conjurations
  2320 | D:4      | Reached XP level 5. HP: 11/35 MP: 0/9
  2555 | D:4      | Gained mutation: You have a tail ending in a sharp stinger.
                  | [demonic ancestry]
  2555 | D:4      | Reached XP level 6. HP: 19/41 MP: 2/11
  2696 | D:4      | Reached skill level 7 in Conjurations
  2778 | D:4      | Learned a level 4 spell: Iskenderun's Mystic Blast
  3178 | D:5      | Entered Level 5 of the Dungeon
  3345 | D:5      | HP: 1/41 [gnoll sergeant/+0 heavy trident (6)]
  3511 | D:5      | Gained mutation: You have a sharp stinger which inflicts
                  | weakening toxins. [demonic ancestry]
  3511 | D:5      | Reached XP level 7. HP: 22/46 MP: 7/13
  3698 | D:5      | Found a runed translucent door.
  3702 | D:5      | Noticed Alarkh's ghost (weakling DsDe)
  3805 | D:5      | Found a runed translucent door.
  3933 | D:5      | Reached skill level 8 in Conjurations
  4320 | D:6      | HP: 1/46 [orc warrior/+0 flail (10)]
  4324 | D:6      | Mangled by a wight

Illustrated notes

Levels and vault maps discovered:
D:1:      dpeg_arrival_rhombi, layout_basic
D:2:      layout_basic
D:3:      layout_loops_ring, chequers_ecumenical_altar_island, grunt_decor_cap
D:4:      layout_gridville, uniq_menkaure
D:5:      layout_basic, ebering_ghost_sewer_f
D:6:      layout_cave_pools, lemuel_doored_altar, minmay_temple_entry_hall,
          ebering_ghost_inner_flame, uniq_pikel

Skill      XL: |  1  2  3  4  5  6  7 |
---------------+----------------------+-----
Conjurations   | 5 6 7 8 |  8.3
Spellcasting   | 3 4 |  4.6
Dodging        | |  1.7
Stealth        | |  1.7

Action                     |  1- 3 |  4- 6 |  7- 9 || total
---------------------------+-------+-------+-------++-------
  Melee: Unarmed           |     8 |       |       ||     8
         Punch             |     1 |       |       ||     1
         Dagger            |     6 |     3 |     1 ||    10
         Tailslap          |     3 |       |       ||     3
   Cast: Magic Dart        |    91 |    72 |    19 ||   182
         Searing Ray       |       |    12 |     7 ||    19
    Use: Potion            |       |     2 |       ||     2
         Scroll            |       |     6 |       ||     6
   Stab: Sleeping          |     1 |       |       ||     1
 Armour: Robe              |     3 |    10 |       ||    13
  Dodge: Dodged            |     8 |    15 |     5 ||    28
         Repelled          |       |     1 |       ||     1
